[Event "16th EWICC 2015"]
[Site "Kutaisi"]
[Date "2015.06.03"]
[Round "9"]
[White "Guramishvili, Sopiko"]
[Black "Galliamova, Alisa"]
[Result "0-1"]
[ECO "A06"]
[WhiteElo "2370"]
[BlackElo "2478"]
[Annotator "Robot 11"]
[PlyCount "86"]
[EventDate "2015.??.??"]
[EventCountry "GEO"]
[TimeControl "900+10"]

1. Nf3 d5 2. g3 g6 3. Bg2 Bg7 4. O-O e5 5. d3 Ne7 6. Nbd2 O-O 7. c4 dxc4 8.
Nxc4 Nbc6 9. Bd2 Be6 10. Rc1 h6 11. b4 b5 12. Ne3 Bxa2 13. Rc5 Be6 14. Rxb5 Rb8 15. Rxb8 Qxb8 16. Qa4 Nd4 17. Nxd4 exd4 18. Nc4 Nd5 19. Ra1 Nc3 20. Qxa7 Qxb4 21. Qa5 Qb3 22. Qxc7 Nxe2+ 23. Kh1 Qxd3 24. Bb4 Qxc4 25. Qxc4 Bxc4 26. Bxf8 Bxf8 27. Ra4 d3 28. Ra8 Kg7 29. Rd8 Bb4 30. Bf3 Kf6 31. Bc6 Ke7 32. Rd7+ Ke6 33. Rd8 d2 34. Kg2 Ba5 35.
Re8+ Kf6 36. Ba4 Nc3 37. Bc2 d1=Q 38. Bxd1 Nxd1 39. Rc8 Bd5+ 40.
f3 Ne3+ 41. Kf2 Nf5 42. g4 Bb6+ 43. Ke1 Nd6 0-1

[Event "16th EWICC 2015"]
[Site "Kutaisi"]
[Date "2015.06.03"]
[Round "9"]
[White "Gvetadze, Sofio"]
[Black "Gunina, Valentina"]
[Result "0-1"]
[ECO "A06"]
[WhiteElo "2319"]
[BlackElo "2535"]
[Annotator "Robot 11"]
[PlyCount "108"]
[EventDate "2015.??.??"]
[EventCountry "GEO"]
[TimeControl "900+10"]

1. Nf3 d5 2. g3 c6 3. Bg2 Bg4 4. O-O e6 5. d3 Nd7 6. c4 Bd6 7. Nc3 Ne7 8. b3 O-O 9. Bb2 a6 10. Rc1 Rc8 11. Rc2 b5 12. Qa1 e5 13. cxd5 cxd5 14. Rfc1 Nf6 15. e4 d4 16. Nb1 Rxc2 17. Rxc2 Nd7 18. h3 Bh5 19. Nbd2 Nc5 20.
Qf1 f6 21. Nh4 Qd7 22. g4 Bf7 23. Nf5 Ne6 24. Nxe7+ Qxe7 25. Qc1 Nf4 26. Bf1 h5 27. Rc8 Qd7 28. Rxf8+ Bxf8 29. f3 g6 30. Qc2 Be6 31. Kf2 Bh6 32. Ba3 Bg5 33. Qc5 Qd8 34. Ke1 Qc8 35. Kd1 Qxc5 36. Bxc5 Kf7 37. Kc2 Bh4 38. a4 f5 39. gxf5 gxf5 40. Bd6 Bf6 41. axb5 axb5 42. b4 Bd7 43. Nb3 fxe4 44. dxe4 Bxh3 45. Bxb5 Bg2 46. Nxd4 h4 47. Bc4+ Kg6 48. Ne6 Nh5 49. f4 h3 50. fxe5 h2 51. Nf8+ Kh6 52. exf6 Bxe4+ 53. Kb3 h1=Q 54. Ka4 Qd1+ 0-1

[Event "16th EWICC 2015"]
[Site "Kutaisi"]
[Date "2015.06.03"]
[Round "9"]
[White "Ibrahimova, Sabina"]
[Black "Nikoladze, Sopio"]
[Result "1-0"]
[ECO "B07"]
[WhiteElo "2272"]
[BlackElo "2155"]
[Annotator "Robot 11"]
[PlyCount "85"]
[EventDate "2015.??.??"]
[EventCountry "GEO"]
[TimeControl "900+10"]

1. e4 d6 2. d4 Nf6 3. Nc3 Nbd7 4. Nf3 e5 5. Bc4 Be7 6. O-O c6 7. a4 O-O 8.
Re1 Qc7 9. h3 b6 10. d5 c5 11. Nh4 g6 12. Bg5 Qd8 13. Bh6 Re8 14. Qd2 Nh5 15. Nf3 Bf8 16. g3 Bxh6 17. Qxh6 Nf8 18. Kg2 Qf6 19. Be2 Rd8 20. Nh2 Ng7 21. Rf1 Qe7 22. f4 exf4 23. Rxf4 f5 24. Raf1 Bd7 25. h4 Re8 26. g4 fxe4 27. Nxe4 Qxe4+ 28. Rxe4 Rxe4 29. Bd3 Rxa4 30. c4 Be8 31. Qf4 Nd7 32. Qxd6 Ra2 33. Rf2 Ra1 34. Nf3 Rd1 35. Ne5 Rxd3 36. Nxd3 h6 37. Ne5 Nxe5 38. Rf8+ Kh7 39. Qxe5 Rd8 40. Kg3 h5 41. g5 Nf5+ 42. Rxf5 gxf5 43. Qe7+ 1-0

[Event "16th EWICC 2015"]
[Site "Kutaisi"]
[Date "2015.06.03"]
[Round "9"]
[White "Javakhishvili, Lela"]
[Black "Daulyte, Deimante"]
[Result "1/2-1/2"]
[ECO "E32"]
[WhiteElo "2472"]
[BlackElo "2402"]
[Annotator "Robot 11"]
[PlyCount "74"]
[EventDate "2015.??.??"]
[EventCountry "GEO"]
[TimeControl "900+10"]

1. d4 Nf6 2. c4 e6 3. Nc3 Bb4 4. Qc2 b6 5. e4 c5 6. d5 Qe7 7. dxe6 Qxe6 8. Bd3 Nc6 9. Nf3 Ba6 10. O-O Bxc4 11. e5 Bxd3 12. Qxd3 Nxe5 13. Nxe5 Qxe5 14. Nb5 O-O 15. a3 Ba5 16. Nd6 b5 17. f4 Qd5 18. Qxd5 Nxd5 19. Nxb5 Rfe8 20. Nd6 Re2 21. Nc4 Bc7 22. Bd2 Re4 23. Rac1 Nxf4 24. Rc2 d5 25. Ne3 d4 26. Nf5 d3 27. Bxf4 Bxf4 28. Rxc5 g6 29. Ng3 Bxg3 30. hxg3 Rd8 31. Rd1 d2 32. Kf2 Rd7 33. Rc2 Red4 34. Ke2 Re7+ 35. Kf2 Red7 36. Ke2 Re7+ 37. Kf2 Red7 1/2-1/2

[Event "16th EWICC 2015"]
[Site "Kutaisi"]
[Date "2015.06.03"]
[Round "9"]
[White "Khmiadashvili, Tamar"]
[Black "Zaksaite, Salomeja"]
[Result "1/2-1/2"]
[ECO "A45"]
[WhiteElo "2043"]
[BlackElo "2203"]
[Annotator "Robot 11"]
[PlyCount "288"]
[EventDate "2015.??.??"]
[EventCountry "GEO"]
[TimeControl "900+10"]

1. d4 Nf6 2. c3 d5 3. Nf3 g6 4. g3 Bg7 5. Bg2 O-O 6. O-O c5 7. Bf4 Nc6 8. Be5 Nxe5 9. Nxe5 Qc7 10. e3 Be6 11. Nd2 Rfd8 12. a4 b6 13. a5 b5 14. Nb3 c4 15. Nc5 Rac8 16. Qe2 Qb8 17. Na6 Qd6 18. Nb4 Ne8 19. f4 f6 20.
Nf3 Bf7 21. Nd2 e5 22. fxe5 fxe5 23. Nf3 Nc7 24. Ng5 Be6 25. Nxe6 Qxe6 26. dxe5 Bxe5 27. Rfe1 Re8 28. Qd2 Rcd8 29. Rad1 Kh8 30. Nc2 Bg7 31. e4 Qa6 32. exd5 Rxe1+ 33. Rxe1 Qxa5 34. Nb4 Qb6+ 35. Qe3 Qxe3+ 36. Rxe3 Bf8 37. Nc6 Nxd5 38. Re5 Bc5+ 39. Kh1 Rf8 40. Bxd5 Rf1+ 41. Kg2 Rf2+ 42. Kh3 Rxb2 43. Bxc4 Bg1 44. Rxb5 Rxh2+ 45. Kg4 Rc2 46. Rb8+ Kg7 47. Ne5 Rxc3 48. Bd5 Kf6 49. Nf3 h5+ 50. Kh3 Bb6 51. Rf8+ Kg7 52. Rf7+ Kh6 53. Rf6 Kg7 54. Rc6 Rd3 55. Rd6 Bc5 56. Rd7+ Kh6 57. Bc6 Rxd7 58. Bxd7 g5 59. Nd2 Bd6 60. Ne4 Be5 61. Kg2 a5 62. Ba4 g4 63. Be8 Bc7 64.
Bd7 Bd8 65. Kf2 h4 66. Bxg4 hxg3+ 67. Kxg3 a4 68. Be6 a3 69. Kf3 Kg6 70. Ke2 Bf6 71. Kd3 Bb2 72. Kc2 Kg7 73. Kb3 Kf8 74. Bc4 Ke7 75. Nc5 Be5 76. Ka4 Bd6 77. Nb3 Kd7 78. Nd4 Bc5 79. Nb5 Bf8 80. Ka5 Kc6 81.
Bf7 Be7 82. Nd4+ Kd7 83. Kb5 Bf8 84. Ba2 Kd6 85. Kc4 Ke5 86. Kd3 Kd6 87. Ke4 Kd7 88. Kd5 Be7 89. Nf5 Bf8 90. Bb1 Be7 91. Nd4 Bf8 92. Nb5 Bb4 93. Nd4 Be7 94. Bf5+ Kc7 95. Nb5+ Kb6 96. Nc3 Bf8 97. Kc4 Kc6 98. Be4+ Kd6 99. Bd5 Ke5 100. Bg8 Be7 101. Kd3 Bf8 102. Na4 Be7 103. Nb6 Bc5 104. Nd7+ Kd6 105. Nf6 Kc7 106. Ke4 Be7 107. Nd5+ Kd6 108. Nc3 Kc5 109. Bd5 Bf8 110. Na2 Bg7 111. Bb3 Bf6 112. Kf5 Bg7 113. Ke6 Bh8 114. Kd7 Bg7 115. Kc7 Bf6 116. Kb7 Bg7 117. Ka6 Bf8 118. Ka5 Kd4 119. Ka4 Kd3 120. Kb5 Kd4 121. Bc4 Be7 122. Bf1 Bf8 123. Ka4 Be7 124. Kb3 Bf8 125. Nc3 Be7 126. Nb5+ Ke3 127. Nc7 Kf2 128. Bc4 Bf8 129. Nd5 Kf3 130. Bd3 Bd6 131. Bb1 Bf8 132. Kc3 Bg7+ 133. Kd3 Bh8 134. Ba2 Bg7 135. Ne7 Bf8 136. Ng6 Bg7 137. Bd5+ Kg4 138. Ke4 Kg5 139. Ne7 Bb2 140. Nc6 Kf6 141. Nb4 Bc3 142. Nc2 Bb2 143. Ne3 Bc3 144. Bb3 Bb2 1/2-1/2

[Event "16th EWICC 2015"]
[Site "Kutaisi"]
[Date "2015.06.03"]
[Round "9"]
[White "Khomeriki, Nino"]
[Black "Schleining, Zoya"]
[Result "1/2-1/2"]
[ECO "A05"]
[WhiteElo "2228"]
[BlackElo "2375"]
[Annotator "Robot 11"]
[PlyCount "98"]
[EventDate "2015.??.??"]
[EventCountry "GEO"]
[TimeControl "900+10"]

1. Nf3 Nf6 2. g3 g6 3. b3 Bg7 4. Bb2 c5 5. c4 O-O 6. Bg2 d6 7. O-O e5 8. d3 Nc6 9. Nc3 h6 10. Ne1 Be6 11. Nd5 Qd7 12. Nc2 Bh3 13. e4 Nxd5 14. cxd5 Nd4 15. Ne3 Bxg2 16. Nxg2 f5 17. Bxd4 cxd4 18. Nh4 fxe4 19. dxe4 Kh7 20. Rc1 Rf7 21. Kg2 Raf8 22. h3 Bf6 23. Qg4 Qxg4 24. hxg4 Bg5 25. Rc4 Be3 26. Nf5 gxf5 27. fxe3 fxe4 28. Rxf7+ Rxf7 29. exd4 exd4 30. Rxd4 Re7 31. Kf2 Kg6 32. Rc4 Kg5 33. Rc8 Kxg4 34. Rg8+ Kf5 35. Ke3 Ke5 36. Rg6 Kxd5 37. Rxh6 Kc5 38. b4+ Kxb4 39. Rxd6 Ka3 40. Rd2 b5 41. g4 b4 42. g5 a5 43. g6 a4 44. Rg2 Rg7 45.
Kxe4 b3 46. axb3 axb3 47. Kf5 b2 48. Rxb2 Kxb2 49. Kf6 Rxg6+ 1/2-1/2

[Event "16th EWICC 2015"]
[Site "Kutaisi"]
[Date "2015.06.03"]
[Round "9"]
[White "Khurtsidze, Nino"]
[Black "Mammadzada, Gunay"]
[Result "1-0"]
[ECO "A04"]
[WhiteElo "2451"]
[BlackElo "2336"]
[Annotator "Robot 11"]
[PlyCount "105"]
[EventDate "2015.??.??"]
[EventCountry "GEO"]
[TimeControl "900+10"]

1. Nf3 c5 2. e3 Nf6 3. c4 b6 4. d4 cxd4 5. exd4 e6 6. Nc3 Bb7 7. Bd3 d5 8. O-O Be7 9. cxd5 Nxd5 10. Ne5 O-O 11. Qg4 f5 12. Qe2 Bf6 13.
Bc4 Re8 14. Rd1 Nc6 15. Bxd5 exd5 16. Nxc6 Bxc6 17. Qd3 Qd7 18.
Bf4 Re7 19. Qg3 Rae8 20. Bg5 Qe6 21. h3 Bxg5 22. Qxg5 h6 23. Qd2 Qf6 24. b4 f4 25. Re1 f3 26. g3 Qg5 27. Red1 Qh5 28. Qf4 g5 29. Qg4 Qxg4 30. hxg4 h5 31. gxh5 g4 32. Kf1 Kg7 33. Re1 Bb7 34. Rxe7+ Rxe7 35. Re1 Rc7 36. Re3 Kh6 37. a3 Kxh5 38. Ke1 Rc4 39. Rd3 Bc8 40.
Nxd5 Bf5 41. Rd1 Rc2 42. Ne3 Re2+ 43. Kf1 Bd7 44. d5 Ra2 45. d6 Kg6 46. Nc4 Kf6 47. Kg1 b5 48. Nd2 Rxa3 49. Ne4+ Kf7 50. Nc5 Ke8 51. Re1+ Kd8 52. Re7 Bc6 53. Ne6+ 1-0

[Event "16th EWICC 2015"]
[Site "Kutaisi"]
[Date "2015.06.03"]
[Round "9"]
[White "Mammadova, Gulnar"]
[Black "Lomineishvili, Maia"]
[Result "0-1"]
[ECO "B25"]
[WhiteElo "2293"]
[BlackElo "2364"]
[Annotator "Robot 11"]
[PlyCount "78"]
[EventDate "2015.??.??"]
[EventCountry "GEO"]
[TimeControl "900+10"]

1. e4 c5 2. Nc3 Nc6 3. g3 g6 4. Bg2 Bg7 5. d3 d6 6. Nge2 e6 7. O-O Nge7 8.
Be3 Nd4 9. Rb1 O-O 10. a3 Rb8 11. b4 b6 12. Qd2 Bb7 13. h4 f5 14. Bg5 Qd7 15.
Nxd4 cxd4 16. Ne2 Rf7 17. c3 dxc3 18. Nxc3 Nc6 19. Ne2 Ne5 20. d4 Nc4 21. Qd3 b5 22. h5 fxe4 23. Bxe4 Bxe4 24. Qxe4 Rf5 25. Bc1 d5 26. Qd3 e5 27. g4 Rf6 28. Bg5 Qxg4+ 29. Qg3 Qxe2 30. Bxf6 Bxf6 31. hxg6 Kh8 32. gxh7 Nd2 33. Qg6 Rf8 34. Rbc1 Bh4 35. Qg2 Nxf1 36. Rxf1 Bxf2+ 37. Rxf2 Qxf2+ 38. Qxf2 Rxf2 39. Kxf2 e4 0-1

[Event "16th EWICC 2015"]
[Site "Kutaisi"]
[Date "2015.06.03"]
[Round "9"]
[White "Petrenko, Svetlana"]
[Black "Dordzhieva, Dinara"]
[Result "1-0"]
[ECO "A81"]
[WhiteElo "2207"]
[BlackElo "2242"]
[Annotator "Robot 11"]
[PlyCount "95"]
[EventDate "2015.??.??"]
[EventCountry "GEO"]
[TimeControl "900+10"]

1. g3 f5 2. d4 Nf6 3. Bg2 g6 4. c4 Bg7 5. Nc3 d6 6. e3 O-O 7. Nge2 c6 8. f4 e5
9. O-O Na6 10. a3 e4 11. Qc2 Be6 12. Nd1 Qe8 13. b3 h6 14. Nf2 b5 15. Bd2 Rb8
16. Rfc1 Qf7 17. Bf1 Rfc8 18. h3 Kh7 19. Kh2 Rb7 20. Ng1 Nc7 21. cxb5 Bxb3 22.
Qxc6 Rb6 23. Qc3 Be6 24. Qa5 Ncd5 25. Rxc8 Bxc8 26. Rc1 Be6 27. Ne2 g5 28. Nc3
gxf4 29. gxf4 Qh5 30. Nxd5 Nxd5 31. Nh1 Rb7 32. Re1 Bf6 33. Be2 Qh4 34. Rg1
Bxd4 35. exd4 e3 36. Be1 Qxf4+ 37. Bg3 Qxd4 38. Rd1 Qf6 39. Bf3 f4 40. Be4+ Kg7
41. Bxd5 fxg3+ 42. Nxg3 Qf2+ 43. Bg2 e2 44. Re1 Rf7 45. Rxe2 Qf4 46. Rxe6 h5
47. Qc3+ Kf8 48. Qh8# 1-0

[Event "16th EWICC 2015"]
[Site "Kutaisi"]
[Date "2015.06.03"]
[Round "9"]
[White "Stefanova, Antoaneta"]
[Black "Kosteniuk, Alexandra"]
[Result "0-1"]
[ECO "A06"]
[WhiteElo "2512"]
[BlackElo "2530"]
[Annotator "Robot 11"]
[PlyCount "120"]
[EventDate "2015.??.??"]
[EventCountry "GEO"]
[TimeControl "900+10"]

1. Nf3 d5 2. g3 c6 3. Bg2 Bf5 4. O-O e6 5. d3 Nf6 6. Nh4 Bg4 7. h3 Bh5 8. Qe1 Be7 9. f4 Bg6 10. Nd2 Qb6+ 11. Kh1 Nfd7 12. Ndf3 f6 13. Nxg6 hxg6 14. e4 Na6 15. a3 Qc5 16. c3 dxe4 17. Qxe4 Qf5 18. Qxf5 gxf5 19. d4 Nb6 20. Re1 Kf7 21. b4 Nc4 22. Nd2 Nxd2 23. Bxd2 Nc7 24. c4 g5 25. Rab1 Rad8 26. Be3 Bd6 27. Rf1 Kg6 28. a4 a6 29.
Kh2 gxf4 30. gxf4 Rh4 31. b5 axb5 32. axb5 cxb5 33. c5 Be7 34. Bxb7 Rdh8 35. Rf3 Kf7 36. Bc6 Rb8 37. Bf2 Rh6 38. Rfb3 Rbh8 39. h4 Rd8 40. Bxb5 Nxb5 41. Rxb5 e5 42. Rb7 Rhh8 43.
Re1 e4 44. Kh3 Ke6 45. Ra1 Rhe8 46. Raa7 Bf8 47. Be3 Kd5 48. Kg3 Rb8 49. h5 Bh6 50. Kf2 Rxb7 51. Rxb7 Ra8 52. Rd7+ Kc4 53. c6 Ra2+ 54. Kf1 Kd3 55. Bf2 Bxf4 56. d5 e3 57. Bxe3 Kxe3 58. c7 Kf3 59. Re7 Bxc7 60. h6 Bg3 0-1

[Event "16th EWICC 2015"]
[Site "Kutaisi"]
[Date "2015.06.03"]
[Round "9"]
[White "Tedoshvili, Ana"]
[Black "Khomeriki, Ketevan"]
[Result "1-0"]
[ECO "A40"]
[WhiteElo "1805"]
[BlackElo "1861"]
[Annotator "Robot 11"]
[PlyCount "93"]
[EventDate "2015.??.??"]
[EventCountry "GEO"]
[TimeControl "900+10"]

1. d4 g6 2. Nf3 d6 3. g3 Bg7 4. Bg2 Nf6 5. O-O O-O 6. e3 Bf5 7. c4 Qd7 8. Re1 Nc6 9. Nc3 Ne4 10. Nxe4 Bxe4 11. a3 Na5 12. b3 c5 13. Bb2 Rac8 14. Rc1 b5 15. Bc3 b4 16. axb4 cxb4 17. Bxb4 Nxb3 18. Qxb3 Qb7 19. Nh4 Bxg2 20. Nxg2 a5 21. Nf4 g5 22. Nd3 Rb8 23. Rb1 Rfc8 24. Qc3 axb4 25. Rxb4 Qc7 26. Rxb8 Qxb8 27. Rc1 e5 28. dxe5 dxe5 29. e4 Qb7 30. Re1 f6 31. c5 Bf8 32. Qc4+ Kg7 33. Rc1 Rd8 34. c6 Qc7 35.
Qa6 Rb8 36. Qc4 Bd6 37. Qe6 Rd8 38. Kg2 Ba3 39. Rc3 Bf8 40. Rb3 Kh6 41. Qxf6+ Kh5 42. Rb7 Bg7 43. Qe6 Qa5 44. Qf7+ Kh6 45. Qxg7+ Kh5 46. Qxh7+ Kg4 47. f3# 1-0

[Event "16th EWICC 2015"]
[Site "Kutaisi"]
[Date "2015.06.03"]
[Round "9"]
[White "Tereladze, Sopiko"]
[Black "Melashvili, Nino"]
[Result "1-0"]
[ECO "A06"]
[WhiteElo "2128"]
[BlackElo "2173"]
[Annotator "Robot 11"]
[PlyCount "126"]
[EventDate "2015.??.??"]
[EventCountry "GEO"]
[TimeControl "900+10"]

1. Nf3 d5 2. e3 Nc6 3. d4 Bg4 4. h3 Bh5 5. g4 Bg6 6. Bb5 Qd6 7. Nbd2 O-O-O 8. c3 f6 9. Qa4 a6 10. Bxc6 Qxc6 11. Qxc6 bxc6 12. Ke2 h5 13. g5 h4 14. Rg1 Bf5 15. Rh1 Rh5 16. gxf6 exf6 17. b3 g5 18.
Ke1 Bd3 19. Bb2 Ne7 20. c4 Ng6 21. c5 Re8 22. Kd1 f5 23. Nh2 Bg7 24. Ndf1 Be4 25. f3 Bd3 26. Kd2 Bb5 27. a4 Bxf1 28. Raxf1 f4 29. Ng4 fxe3+ 30. Nxe3 Nf4 31. Rf2 Rh7 32. Ng2 Ne6 33.
Re1 Bf6 34. Rfe2 Rhe7 35. Kd3 Nxc5+ 36. dxc5 Rxe2 37. Rxe2 Rxe2 38. Kxe2 Bxb2 39. f4 g4 40. Nxh4 gxh3 41. Kf2 d4 42. Nf3 Ba3 43. Kg3 Bxc5 44. Ne5 Bd6 45. Nd3 h2 46. Kxh2 Kd7
47. Kg3 Ke6 48. Kg4 Kd5 49. Kf3 c5 50. Nb2 Be7 51.
Nc4 Bf6 52. Nb2 Bg7 53. Nc4 Bh6 54. Nb2 c6 55. Nc4 Bg7 56. Nb6+ Ke6 57. Ke4 Bh6 58. Nc4 Kf6 59. Ne5 Ke6 60. f5+ Kd6 61. Nf7+ Ke7 62. Nxh6 c4 63. bxc4 c5 1-0

[Event "16th EWICC 2015"]
[Site "Kutaisi"]
[Date "2015.06.03"]
[Round "9"]
[White "Vakhania, Alexandra"]
[Black "Charochkina, Daria"]
[Result "0-1"]
[ECO "A05"]
[WhiteElo "2130"]
[BlackElo "2391"]
[Annotator "Robot 11"]
[PlyCount "64"]
[EventDate "2015.??.??"]
[EventCountry "GEO"]
[TimeControl "900+10"]

1. Nf3 Nf6 2. e3 g6 3. b3 Bg7 4. Bb2 O-O 5. d3 c5 6. Nbd2 Nc6 7. Be2 d5 8.
O-O Re8 9. c4 d4 10. exd4 cxd4 11. b4 Nxb4 12. Bxd4 e5 13. Bxe5
Nxd3 14. Bxd3 Qxd3 15. Qb3 Qf5 16. Qb2 b6 17. Rfe1 Bb7 18. c5 Bxf3 19. Nxf3 bxc5 20. Rac1 Nh5 21. Bxg7 Nxg7 22. Rxe8+ Rxe8 23. Qa3 Ne6 24. Qxa7 Nf4 25.
Re1 Rc8 26. Qb7 c4 27. Nd4 Qg4 28. h3 Nxh3+ 29. Kh2 Nxf2 30. Rf1 Rc5 31. Nf3 Rh5+ 32. Kg1 Nh3+ {[%emt 0:00:01] Ra1} 0-1

[Event "16th EWICC 2015"]
[Site "Kutaisi"]
[Date "2015.06.03"]
[Round "10"]
[White "Arakhamia-Grant, Ketevan"]
[Black "Choladze, Mariam"]
[Result "1/2-1/2"]
[ECO "B42"]
[WhiteElo "2393"]
[BlackElo "1989"]
[Annotator "Robot 11"]
[PlyCount "108"]
[EventDate "2015.??.??"]
[EventCountry "GEO"]
[TimeControl "900+10"]

1. e4 c5 2. Nf3 e6 3. d4 cxd4 4. Nxd4 a6 5. Bd3 Qc7 6. Qe2 d6 7. c4 Nf6 8.
Nc3 g6 9. O-O Bg7 10. Rd1 O-O 11. Bg5 Nfd7 12. Nf3 Nc6 13. Rac1 Bxc3 14. Rxc3 f6 15. Bh6 Re8 16. Bb1 Nc5 17. Qd2 Rd8 18. Rcc1 a5 19. Qc3 e5 20.
Be3 Bg4 21. Rd5 Be6 22. Bxc5 dxc5 23. Rxc5 Qd6 24. Rb5 Qd1+ 25.
Qe1 Qxe1+ 26. Rxe1 Rd7 27. b3 Rad8 28. h3 a4 29. Bc2 axb3 30.
Bxb3 Rc7 31. c5 Kf7 32. Rc1 Nd4 33. Nxd4 exd4 34. f3 Ke7 35. Kf2 Bd7 36. Rb4 Bc6 37. Rd1 Rcd7 38. Ke2 f5 39. exf5 gxf5 40. Kd3 Kf6 41. Re1 Bd5 42. Rb6+ Kg5 43. Bxd5 Rxd5 44. g3 Rxc5 45. f4+ Kh5 46. Ree6 Rc3+ 47. Kd2 Rc6 48. Rbxc6 bxc6 49. Rxc6 Ra8 50. Rc5 Rxa2+ 51. Kd3 Ra3+ 52. Kxd4 Rxg3 53. Rxf5+ Kg6 54. Ra5 Rxh3 1/2-1/2

[Event "16th EWICC 2015"]
[Site "Kutaisi"]
[Date "2015.06.03"]
[Round "10"]
[White "Batsiashvili, Nino"]
[Black "Daulyte, Deimante"]
[Result "1-0"]
[ECO "A45"]
[WhiteElo "2473"]
[BlackElo "2402"]
[Annotator "Robot 11"]
[PlyCount "63"]
[EventDate "2015.??.??"]
[EventCountry "GEO"]
[TimeControl "900+10"]

1. d4 Nf6 2. Nc3 d6 3. e4 e5 4. Nge2 Be7 5. g3 c6 6. Bg2 b5 7. a3 Nbd7 8.
O-O Rb8 9. h3 h5 10. Be3 a5 11. b3 O-O 12. f4 Bb7 13. b4 Ra8 14. Rb1 Qc7 15. Bf3 axb4 16. axb4 Ra3 17. g4 hxg4 18. hxg4 Nb6 19. Rb3 Rfa8 20. Ng3 Nc4 21. Bc1 Ra1 22. Nce2 Bc8 23. Nf5 Bf8 24. g5 Nh7 25.
Qe1 exf4 26. Nxf4 Bxf5 27. exf5 Nxg5 28. Qg3 Nxf3+ 29. Rbxf3 d5 30. f6 Rb1 31. Qh4 gxf6 32. Rg3+ 1-0

[Event "16th EWICC 2015"]
[Site "Kutaisi"]
[Date "2015.06.03"]
[Round "10"]
[White "Charochkina, Daria"]
[Black "Mammadova, Gulnar"]
[Result "1-0"]
[ECO "A13"]
[WhiteElo "2391"]
[BlackElo "2293"]
[Annotator "Robot 11"]
[PlyCount "113"]
[EventDate "2015.??.??"]
[EventCountry "GEO"]
[TimeControl "900+10"]

1. c4 e6 2. Nc3 f5 3. g3 Nf6 4. Bg2 Be7 5. d4 O-O 6. Nh3 d6 7. Nf4 c6 8. d5 e5 9. Nd3 c5 10. e4 Qe8 11. O-O Qg6 12. Qe2 fxe4 13. Nxe4 Bf5 14. Re1 Nbd7 15. f4 Bg4 16. Qe3 Nxe4 17. Bxe4 Qh5 18. Bd2 Bf6 19. Bc3 Rae8 20. Qd2 Qh6 21. Nf2 Qh5 22. Qd3 g6 23. Nxg4 Qxg4 24. f5 Kg7 25.
Kg2 Bd8 26. h3 Qh5 27. g4 Qh4 28. Rf1 Qh6 29. Rae1 Bg5 30. Re2 Nf6 31. b4 b6 32. a3 Rf7 33. Be1 Nxe4 34. Qxe4 Ref8 35. Ref2 Bh4 36. Bd2 Bg5 37. Bc3 Kg8 38. Rf3 Bf4 39. Rxf4 exf4 40. Rxf4 Qg5 41. f6 cxb4 42. axb4 a5 43. Kg3 axb4 44. h4 Qxf4+ 45. Qxf4 bxc3 46. g5 Rc8 47. Qd4 c2 48. Qc3 b5 49. Qxc2 bxc4 50. Qc3 h6 51. h5 Kh7 52.
Qc2 Rg8 53. Kh4 Rc7 54. hxg6+ Kh8 55. gxh6 Rxg6 56. Qxg6 c3 57. f7 1-0

[Event "16th EWICC 2015"]
[Site "Kutaisi"]
[Date "2015.06.03"]
[Round "10"]
[White "Galliamova, Alisa"]
[Black "Stefanova, Antoaneta"]
[Result "1/2-1/2"]
[ECO "D00"]
[WhiteElo "2478"]
[BlackElo "2512"]
[Annotator "Robot 11"]
[PlyCount "97"]
[EventDate "2015.??.??"]
[EventCountry "GEO"]
[TimeControl "900+10"]

1. d4 d5 2. g3 Nf6 3. Bg2 c6 4. Nf3 Bf5 5. Nh4 Be4 6. f3 Bg6 7. Nxg6 hxg6 8.
O-O Nbd7 9. e4 dxe4 10. fxe4 e5 11. c3 Qb6 12. a4 a5 13. Na3 exd4 14. cxd4 Ne5 15. Nc2 Rd8 16. Kh1 Nfg4 17. h3 c5 18. d5 c4 19. Nd4 Bc5 20. Nb5 Nf2+ 21. Rxf2 Bxf2 22. Bf4 f6 23. Bxe5 fxe5 24. d6 Bd4 25. Qg4 O-O 26. Qe6+ Kh7 27. Qxc4 Rxd6 28. Nxd6 Qxd6 29. Rd1 Rf2 30. b3 Qf6 31. Rf1 Qg5 32. Qd3 Rxf1+ 33. Bxf1 Qf6 34. Qe2 Ba7 35. h4 Qb6 36. Kh2 Qg1+ 37. Kh3 Qh1+ 38. Kg4 Qg1 39. Kh3 Bf2 40. Bg2 Bd4 41. h5 Qc1 42. Qg4 gxh5 43. Qxh5+ Kg8 44. Qe8+ Kh7 45. Qh5+ Qh6 46. Kg4 g6 47. Qxh6+ Kxh6 48. Bf1 Kg7 49. Bc4 1/2-1/2

[Event "16th EWICC 2015"]
[Site "Kutaisi"]
[Date "2015.06.03"]
[Round "10"]
[White "Gunina, Valentina"]
[Black "Javakhishvili, Lela"]
[Result "1-0"]
[ECO "E15"]
[WhiteElo "2535"]
[BlackElo "2472"]
[Annotator "Robot 11"]
[PlyCount "75"]
[EventDate "2015.??.??"]
[EventCountry "GEO"]
[TimeControl "900+10"]

1. d4 Nf6 2. c4 e6 3. Nf3 b6 4. g3 Ba6 5. Qa4 Bb7 6. Bg2 c5 7. dxc5 bxc5 8.
O-O Be7 9. Nc3 O-O 10. Bf4 Qb6 11. Rfd1 Nc6 12. Qb3 Na5 13. Qxb6 axb6 14. b3 d5 15. Na4 Nxc4 16. Rab1 Na3 17. Rbc1 Nb5 18. e3 Nd7 19. Ne5 Nxe5 20. Bxe5 f6 21. Bb2 Nd6 22. Nxb6 Rxa2 23. Rd2 Rd8 24. Bxf6 Rxd2 25. Bxe7 Nf7 26. Bxd8 Nxd8 27. Na4 d4 28. exd4 cxd4 29. Bxb7 Nxb7 30. Rc8+ Kf7 31. Rc7+ Kf6 32. Rxb7 e5 33. Nc5 Rb2 34. b4 Kf5 35. Rxg7 Rxb4 36. Rxh7 Rc4 37. Rf7+ Kg6 38. Nd3 1-0

[Event "16th EWICC 2015"]
[Site "Kutaisi"]
[Date "2015.06.03"]
[Round "10"]
[White "Guramishvili, Sopiko"]
[Black "Petrenko, Svetlana"]
[Result "1-0"]
[ECO "D35"]
[WhiteElo "2370"]
[BlackElo "2207"]
[Annotator "Robot 11"]
[PlyCount "81"]
[EventDate "2015.??.??"]
[EventCountry "GEO"]
[TimeControl "900+10"]

1. d4 d5 2. c4 e6 3. Nc3 Nf6 4. cxd5 exd5 5. Bg5 Be7 6. e3 O-O 7. Bd3 h6 8. Bf4 c6 9. h3 b5 10. Nf3 b4 11. Na4 Qa5 12. O-O Ba6 13. Ne5 Bxd3 14. Nxd3 Nbd7 15. b3 Qb5 16. Rc1 a5 17. Rc2 Rac8 18. Ndc5 Rfd8 19. Qf3 Nf8 20. Rfc1 Ng6 21. Bg3 Bd6 22. Bxd6 Rxd6 23. Nb2 Re8 24. Qg3 Red8 25. f3 Nf8 26. Nbd3 Ne6 27. Ne5 Nh5 28. Qh4 f6 29. Nxe6 Rxe6 30. Nxc6 Rde8 31. Qxh5 Rxe3 32. Rc5 Re1+ 33. Kh2 Qe2 34. Rxe1 Qxe1 35. Ne5 Rf8 36. Rc7 Qe3 37. Qg4 Qg5 38. Qxg5 hxg5 39. Nc6 Ra8 40. Ra7 Re8 41. Rxa5 1-0

[Event "16th EWICC 2015"]
[Site "Kutaisi"]
[Date "2015.06.03"]
[Round "10"]
[White "Lomineishvili, Maia"]
[Black "Charkhalashvili, Inga"]
[Result "0-1"]
[ECO "D30"]
[WhiteElo "2364"]
[BlackElo "2318"]
[Annotator "Robot 11"]
[PlyCount "110"]
[EventDate "2015.??.??"]
[EventCountry "GEO"]
[TimeControl "900+10"]

1. d4 d5 2. c4 e6 3. Nf3 Nf6 4. Qc2 Bb4+ 5. Nbd2 O-O 6. e3 b6 7. cxd5 exd5 8. Bd3 Bb7 9. O-O Bd6 10. Ne5 c5 11. Ndf3 Ne4 12. dxc5 bxc5 13. Be2 Qe7 14. Nd3 Nd7 15. Rd1 Ndf6 16. h3 Rac8 17. Bd2 Rfe8 18. Bf1 Bb8 19. Bc3 d4 20. Be1 c4 21. Nf4 d3 22. Nxd3 cxd3 23.
Qxd3 Nc5 24. Qa3 Qc7 25. Ba5 Qe7 26. Bb5 Bc6 27. Bxc6 Rxc6 28. Rac1 Rcc8 29. Bb4 Nfe4 30. Rc4 f5 31. Rdc1 Bd6 32. Nd4 Qe5 33. f4 Qd5 34. Nb5 Bf8 35. Qxa7 Ra8 36. Qc7 Ne6 37. Qe5 Qxe5 38. fxe5 Bxb4 39. Rxb4 Rxa2 40. Nd4 N4c5 41. Nxe6 Nxe6 42. Rb7 Ra5 43. b4 Rxe5 44. Rc3 f4 45. exf4 Nxf4 46. Rcc7 Rg5 47. g4 Nxh3+ 48. Kg2 Nf4+ 49. Kf3 Ne6 50. Re7 Rxe7 51. Rxe7 Nd4+ 52. Kf4 Rb5 53. Re8+ Kf7 54. Rh8 h6 55. g5 Ne6+ 0-1

[Event "16th EWICC 2015"]
[Site "Kutaisi"]
[Date "2015.06.03"]
[Round "10"]
[White "Mammadzada, Gunay"]
[Black "Gevorgyan, Maria"]
[Result "1-0"]
[ECO "C42"]
[WhiteElo "2336"]
[BlackElo "2190"]
[Annotator "Robot 11"]
[PlyCount "95"]
[EventDate "2015.??.??"]
[EventCountry "GEO"]
[TimeControl "900+10"]

1. e4 e5 2. Nf3 Nf6 3. Nxe5 d6 4. Nf3 Nxe4 5. d4 d5 6. Bd3 Nc6 7. O-O Bg4 8.
c3 Be7 9. Re1 f5 10. Nbd2 O-O 11. Qb3 Kh8 12. Qxb7 Rf6 13. Qb3 Rg6 14. Bb5 Na5 15. Qa4 c6 16. Bf1 Bd6 17. Nxe4 fxe4 18. Ne5 Bxe5 19. dxe5 Nb7 20. Bf4 h5 21. Qd4 c5 22. Qd2 c4 23. Qe3 Qc8 24. b3 cxb3 25. axb3 h4 26. Ra6 Be6 27. c4 Nc5 28. Rd6 Nb7 29. Rxd5 Bxd5 30. cxd5 Qg4 31. h3 Qf5 32. Qxe4 Qxe4 33. Rxe4 Nc5 34. Rc4 Nxb3 35. d6 Na5 36. Rc7 Re6 37. Bb5 Rb8 38. d7 Rd8 39. Bg5 Rxd7 40.
Bxd7 Rxe5 41. Bxh4 a6 42. f4 Rh5 43. Be1 Nb3 44. Bc3 Rd5 45.
Bxg7+ Kh7 46. Be6 Rd1+ 47. Kh2 Nd2 48. Bc3+ 1-0